AoeStats
← The Potato King

MegaRandom

510612927Analyzed
2v2 RM · 2d ago on Oct 1, 2026· 28m 1s· 4 players
Game mode
Random Map
Map size
Medium (4 player)
Population
200
Speed
Normal
Resources
Standard
Victory
Conquest
Starting age
Dark Age
Ending age
Imperial Age
RankedLock teamsTeams togetherTeam positionsShared explorationLock speedFull tech treeHidden civsTurbo modeCheats
Victory
Defeat
🇨🇦 Mongols · Canada
1337
+14
🇩🇪 Magyars · Germany
1244
+18
🇨🇭 Varangians · Switzerland
1352
-19
🇬🇧 Franks · United Kingdom
1224
-13
Jaha
0:27 Loom
9:53 Feudal Age
10:33 Town Watch
10:35 Double-Bit Axe
12:18 Fletching
13:43 Horse Collar
16:06 Forging
16:36 Fishing Lines
22:35 Castle Age
21:24 Gold Mining
23:28 Medium Warships
23:14 Bodkin Arrow
25:22 Ballistics
25:47 Clinker Construction
28:06 Careening
Liquidator
0:33 Loom
12:23 Feudal Age
12:54 Double-Bit Axe
14:07 Bloodlines
15:16 Fishing Lines
15:55 Horse Collar
22:25 Castle Age
21:31 Gold Mining
22:58 Scale Barding Armor
23:27 Gillnets
24:10 Chain Barding Armor
24:07 Bow Saw
24:40 Husbandry
29:12 Wheelbarrow
28:23 Town Watch
PETER ENIS VON PIMMELBERGEN
0:34 Loom
12:09 Feudal Age
12:40 Double-Bit Axe
17:49 Castle Age
16:44 Gold Mining
17:09 Fletching
18:08 Town Watch
18:56 Bodkin Arrow
24:39 Ballistics
The Potato King
0:32 Loom
11:30 Feudal Age
20:59 Castle Age
19:49 Scale Mail Armor
22:46 Forging
28:33 Iron Casting
Connection lost

Rejoining the realm…

Still unreachable

The connection could not be restored.

Session expired

The server has moved on; the page needs a fresh start.